 Dungeon Crawl Stone Soup version 0.23-a0-639-ga9a3373 (webtiles) character file.

481 TheGoonsmith the Firebug (level 7, -8/36 HPs)
             Began as a Gargoyle Fire Elementalist on Dec 29, 2018.
             Killed from afar by Ijyb (16 damage)
             ... with a wand of acid (8)
             ... on level 4 of the Dungeon.
             The game lasted 00:05:20 (3055 turns).

TheGoonsmith the Firebug (GrFE)                     Turns: 3055, Time: 00:05:21

Health: -8/36      AC:  5    Str: 11    XL:     7   Next: 12%
Magic:  8/13       EV: 12    Int: 18    God:
Gold:   85         SH:  0    Dex: 10    Spells: 6/14 levels left

rFire    . . .     SeeInvis .   j - +2 short sword (venom)
rCold    . . .     Gourm    .   (no shield)
rNeg     + . .     Faith    .   a - +0 robe
rPois    ∞         Spirit   .   (no helmet)
rElec    +         Reflect  .   (no cloak)
rCorr    .         Harm     .   (no gloves)
MR       .....                  b - +2 pair of boots
Stlth    ++........             (no amulet)
HPRegen  0.12/turn              (no ring)
MPRegen  0.13/turn              (no ring)

@: corroded
A: negative energy resistance 1, electricity resistance, unbreathing,
petrification resistance, rot immunity, AC +4
a: no special abilities


You were on level 4 of the Dungeon.
You were very hungry.

You visited 1 branch of the dungeon, and saw 4 of its levels.

You collected 85 gold pieces.

Inventory:

Hand Weapons
 d - a +0 dagger
 j - a +2 short sword of venom (weapon)
Armour
 a - a +0 robe (worn)
 b - a +2 pair of boots (worn)
Jewellery
 h - an uncursed ring of resist corrosion {unknown}
 n - a cursed ring of teleportation {unknown}
Wands
 k - a wand of paralysis (8)
 u - a wand of random effects (19)
Scrolls
 f - a scroll of amnesia {unknown}
 g - a scroll of teleportation {unknown}
 m - a scroll of fear {unknown}
 r - a scroll of noise {unknown}
 s - 2 scrolls of remove curse {unknown}
 t - a scroll of identify {unknown}
 v - a scroll of blinking {unknown}
Potions
 e - 4 potions of curing {unknown}
 i - a potion of berserk rage {unknown}
 l - 3 potions of flight {unknown}
 o - a potion of cancellation {unknown}
 p - a potion of degeneration {unknown}
Comestibles
 c - 4 rations


   Skills:
 - Level 1.5 Dodging
 - Level 2.1 Stealth
 - Level 4.0 Spellcasting
 + Level 5.0 Conjurations
 - Level 5.0 Fire Magic


You had 6 spell levels left.
You knew the following spells:

 Your Spells              Type           Power        Failure   Level  Hunger
a - Flame Tongue          Conj/Fire      ###..        1%          1    None
c - Conjure Flame         Conj/Fire      ###.....     5%          3    ###....
s - Sticky Flame          Conj/Fire      ###.....     19%         4    ####...

Your spell library contained the following spells:

 Spells                   Type           Power        Failure   Level  Hunger
 Throw Flame              Conj/Fire      ###...       2%          2    ##.....
 Inner Flame              Hex/Fire       ##......     16%         3    ###....
 Fireball                 Conj/Fire      ###.......   45%         5    ######.


Dungeon Overview and Level Annotations

Branches:
Dungeon (4/15)
 Temple: D:4-7

Altars:
Trog
Yredelemnul

Annotations:
D:4 Ijyb


Innate Abilities, Weirdness & Mutations

You are resistant to torment.
Your stone body is resilient. (AC +4)
You are immune to poison.
You resist negative energy. (rN+)
You are resistant to electric shocks. (rElec)
You can survive without breathing.
You are immune to petrification.
You are immune to rotting.


Message History

Confirm with . or Enter, or press ? or * to list all spells.
Aiming: Flame Tongue (safe; 1% risk of failure)
Press: ? - help, Shift-Dir - straight line, f/p - worker ant
Aim: a worker ant The flame tongue hits the worker ant.
The worker ant is heavily wounded.
The adder bites you.
Ijyb zaps a wand.
The bolt of acid hits you! The acid corrodes you!
You are splashed with acid!
The acid burns!
The worker ant bites you. The adder bites you but does no damage.
Casting: Flame Tongue (safe; 1% risk of failure)
Confirm with . or Enter, or press ? or * to list all spells.
Aiming: Flame Tongue (safe; 1% risk of failure)
Press: ? - help, Shift-Dir - straight line, f/p - worker ant
Aim: a worker ant (moderately wounded)
The flame tongue hits the worker ant.
The worker ant is almost dead.
The worker ant bites you.
* * * LOW HITPOINT WARNING * * *
Ijyb zaps a wand.
The bolt of acid hits you!
You die...

... .. ###.[
##...## .#.
#.....
....#....#####
......aS.....#
#....@.#
###...## #..##
...g ....#
.....# .....
.....


You could see Ijyb, a worker ant and an adder.

Vanquished Creatures
  Sigmund (D:3)
  A bullfrog skeleton (D:2)
  Jessica (D:3)
  Natasha (thrice) (D:2)
  A worker ant (D:4)
  Robin (D:3)
  3 gnolls (D:3)
  5 adders (D:3)
  An ooze (D:2)
  4 worms
  2 dart slugs
  3 leopard geckos
  An orc (D:3)
  2 ball pythons
  4 giant cockroaches
  12 goblins
  5 hobgoblins
  2 jackals (D:1)
  2 quokkas (D:3)
  6 bats
  4 frilled lizards
  8 kobolds
  14 rats
86 creatures vanquished.

Notes
Turn   | Place    | Note
-------+----------+-------------------------------------------
     0 | D:1      | TheGoonsmith the Gargoyle Fire Elementalist began the quest
                  | for the Orb.
     0 | D:1      | Reached XP level 1. HP: 10/10 MP: 3/3
     8 | D:1      | Noticed an electric eel
   191 | D:1      | Reached XP level 2. HP: 15/15 MP: 1/5
   680 | D:1      | Reached XP level 3. HP: 19/19 MP: 4/6
   979 | D:2      | Reached XP level 4. HP: 24/24 MP: 1/8
  1216 | D:2      | Noticed Natasha
  1220 | D:2      | Killed Natasha
  1289 | D:2      | Noticed Natasha
  1296 | D:2      | Killed Natasha
  1296 | D:2      | Reached XP level 5. HP: 16/28 MP: 3/9
  1436 | D:2      | Noticed Natasha
  1447 | D:2      | Killed Natasha
  1536 | D:3      | Learned a level 4 spell: Sticky Flame
  1540 | D:3      | Learned a level 3 spell: Conjure Flame
  1545 | D:3      | Found a basalt altar of Yredelemnul.
  1560 | D:3      | Noticed Sigmund
  1750 | D:3      | Noticed Robin
  1824 | D:3      | Killed Robin
  1938 | D:3      | Noticed Jessica
  1956 | D:3      | Killed Jessica
  2031 | D:3      | Killed Sigmund
  2031 | D:3      | Reached XP level 6. HP: 23/32 MP: 2/11
  2276 | D:3      | Reached skill level 5 in Fire Magic
  2333 | D:3      | Noticed a moth of wrath
  2335 | D:3      | Found a bloodstained altar of Trog.
  2647 | D:3      | Reached XP level 7. HP: 36/36 MP: 7/13
  3050 | D:4      | Noticed Ijyb
  3052 | D:4      | Reached skill level 5 in Conjurations
  3055 | D:4      | Killed from afar by Ijyb

Vault maps used:
D:1:      arrival_aquarium_a
D:2:      uniq_natasha
D:3:      tgw_trog, nicolae_overflow_crystal_walls, first_ration, uniq_sigmund,
          uniq_robin, uniq_jessica
D:4:      dancing_weapons_uskayaw, serial_shops, shop,
          kennysheep_generic_room_13, uniq_ijyb

Skill      XL: |  1  2  3  4  5  6  7 |
---------------+----------------------+-----
Conjurations   | 2 3 4 5 |  5.0
Spellcasting   | 3 4 |  4.0
Fire Magic     | 4 5 |  5.0
Dodging        | |  1.5
Stealth        | |  2.1

Action                   |  1- 3 |  4- 6 |  7- 9 || total
-------------------------+-------+-------+-------++-------
Melee: Unarmed           |     8 |       |       ||     8
       Dagger            |    20 |       |       ||    20
       Short sword       |     5 |    17 |       ||    22
 Cast: Flame Tongue      |    41 |   120 |    13 ||   174
 Stab: Sleeping          |       |     1 |       ||     1
  Eat: Chunk             |     1 |     4 |     1 ||     6
Armor: Robe              |    16 |    20 |     3 ||    39
Dodge: Dodged            |    24 |    30 |     4 ||    58

Table legend:
 A = Non-vault XP
 B = Vault XP
 C = Vault XP percentage of total XP
 D = Non-vault monster count
 E = Vault monster count
 F = Vault count percentage of total count
                 A         B        C        D         E       F
            +---------+---------+-------+---------+---------+-------
      Total |     358 |     330 |  48.0 |      66 |      20 |  23.3
            +---------+---------+-------+---------+---------+-------
        D:1 |      34 |       0 |   0.0 |      22 |       0 |   0.0
        D:2 |     139 |      37 |  21.0 |      15 |       2 |  11.8
        D:3 |     151 |     293 |  66.0 |      28 |      18 |  39.1
        D:4 |      34 |       0 |   0.0 |       1 |       0 |   0.0
            +---------+---------+-------+---------+---------+-------
